[Event "Titled Tuesday Blitz March 07 Early 2023"]
[White "Girsh, Daniel"]
[Black "Narayanan, Srinath"]
[WhiteFideId "30949190"]
[BlackFideId "5018420"]
[WhiteElo "2075"]
[BlackElo "2438"]
[Result "1-0"]
[Round "11"]
[TimeControl "180+2"]
[Date "2023.03.07"]
[WhiteClock "0:00:18"]
[BlackClock "0:00:30"]

1. e4 c5 2. Nf3 d6 3. d4 cxd4 4. Nxd4 Nf6 5. Nc3 Nc6 6. Bg5 e6 7. Qd3 a6 8. f4 Be7 9. O-O-O Qb6 10. Kb1 Qxd4 11. Qxd4 Nxd4 12. Rxd4 b5 13. a4 bxa4 14. Nxa4 Bb7 15. Bd3 h6 16. Bxf6 gxf6 17. Nb6 Rb8 18. Nc4 d5 19. exd5 Bxd5 20. f5 Bc5 21. Rh4 Bxg2 22. Rd1 e5 23. Nd2 Bd4 24. Nb3 Bf2 25. Ra4 Bb7 26. Bxa6 Bc6 27. Rc4 Bd7 28. Rc7 Bxf5 29. Na5 Bb6 30. Rb7 O-O 31. Nc6 Rxb7 32. Bxb7 Kh8 33. Rf1 Bg6 34. Rxf6 Kg7 35. Rf1 Bc7 36. Re1 Re8 37. b4 e4 38. c4 Bxh2 39. b5 e3+ 40. Kb2 e2 41. Nd4 Bh5 42. Bc6 Re3 43. Nf5+ Kf6 44. Nxe3 Bg3 45. Ng2 Ke5 46. b6 Kd6 47. Bd5 Kc5 48. b7 Kb6 49. Rb1 Bg6 50. Ra1 Be5+ 51. Ka2 Kc7 52. Re1 Bd3 53. Bf3 Bc3 54. Bxe2 Bxe1 55. Bxd3 Bd2 56. Be4 f5 57. Bf3 h5 58. c5 Bg5 59. c6 h4 60. Ne1 h3 61. Bh1 Bd2 62. Nf3 Bf4 63. Nd4 Be5 64. Nxf5 h2 65. Kb3 Kb6 66. Kc4 Bc7 67. Kd5 Ka7 68. Ke6 Kb8 69. Kd7 Bf4 70. Nd6 Ka7 71. c7 Bxd6 72. c8=Q Bb8 73. Qc5+ Ka6 74. Qb4 Bf4 75. b8=Q Bxb8 76. Qxb8 Ka5 77. Kc6 Ka4 78. Kc5 Ka3 79. Kc4 Ka2 80. Kc3 Ka1 81. Qb2# 1-0


[Site "https://www.chess.com"]

[Event "Titled Tuesday Blitz March 07 Early 2023"]
[White "Yeletsky, Ivan"]
[Black "Shapiro, Viktor"]
[WhiteFideId "24180327"]
[BlackFideId "4175700"]
[WhiteElo "2414"]
[BlackElo "2152"]
[Result "1-0"]
[Round "11"]
[TimeControl "180+2"]
[Date "2023.03.07"]
[WhiteClock "0:00:33"]
[BlackClock "0:00:08"]

1. e4 Nf6 2. e5 Nd5 3. d4 d6 4. Nf3 Bg4 5. Be2 e6 6. c4 Nb6 7. Nbd2 Nc6 8. exd6 cxd6 9. h3 Bf5 10. O-O Be7 11. a3 a5 12. b3 O-O 13. Bb2 Bf6 14. Rc1 d5 15. c5 Nc8 16. Re1 h6 17. Nf1 N8e7 18. Ng3 b6 19. Bb5 Rc8 20. Ba6 Rb8 21. Nh5 Ng6 22. Bb5 Na7 23. Bd3 Bxd3 24. Qxd3 b5 25. g3 Nc6 26. Rc2 Be7 27. Rce2 Re8 28. Rxe6 fxe6 29. Qxg6 Bf8 30. Rxe6 Rxe6 31. Qxe6+ Kh7 32. Qxc6 b4 33. a4 Rc8 34. Qe6 Qe8 35. Qxe8 Rxe8 36. Kf1 Be7 37. Nf4 Rd8 38. h4 g5 39. hxg5 hxg5 40. Ne6 Rg8 41. g4 Kg6 42. Ne5+ Kf6 43. Nc7 Rc8 44. Nxd5+ Ke6 45. Nxe7 Kxe7 46. Ke2 Ke6 47. Kd3 Kd5 48. Nc4 Rf8 49. Ne3+ Kc6 50. Nf5 Kd5 51. Bc1 Re8 52. Be3 Rh8 53. Bxg5 Rh1 54. Ne3+ Kc6 55. Be7 Rc1 56. Ke4 Rc3 57. Nc4 Kd7 58. Bd6 Rxb3 59. c6+ Kxc6 60. Nxa5+ Kxd6 61. Nxb3 1-0


[Site "https://www.chess.com"]

[Event "Titled Tuesday Blitz March 07 Early 2023"]
[White "Yelisieiev, Yevhenii"]
[Black "Pakleza, Zbigniew"]
[WhiteFideId "14139642"]
[BlackFideId "1119290"]
[WhiteElo "2447"]
[BlackElo "2410"]
[Result "0-1"]
[Round "11"]
[TimeControl "180+2"]
[Date "2023.03.07"]
[WhiteClock "0:00:02"]
[BlackClock "0:00:04"]

1. d4 d6 2. Nf3 Bg4 3. c4 c6 4. Nc3 Nd7 5. g3 Bxf3 6. exf3 e6 7. f4 g6 8. d5 exd5 9. cxd5 c5 10. Bg2 f5 11. O-O Ne7 12. Re1 a6 13. Re6 Qc7 14. Qe2 Nb6 15. a4 O-O-O 16. a5 Na8 17. Bd2 Qd7 18. b4 Nc7 19. bxc5 dxc5 20. Rb6 Nexd5 21. Nxd5 Nxd5 22. Rb3 Nb4 23. Be3 Kb8 24. Rc1 Rc8 25. Rbc3 Qb5 26. Qxb5 axb5 27. Rd1 c4 28. Rd7 Nc6 29. Bb6 Bb4 30. Re3 Rhe8 31. Rxh7 Rxe3 32. Bxe3 Bxa5 33. Rg7 b4 34. Rxg6 b3 35. Bf3 b2 0-1


[Site "https://www.chess.com"]

[Event "Titled Tuesday Blitz March 07 Early 2023"]
[White "Boyer, Mahel"]
[Black "Derjabin, Ilja"]
[WhiteFideId "45102422"]
[BlackFideId "14104768"]
[WhiteElo "2439"]
[BlackElo "2309"]
[Result "1-0"]
[Round "11"]
[TimeControl "180+2"]
[Date "2023.03.07"]
[WhiteClock "0:00:06"]
[BlackClock "0:00:04"]

1. e4 e6 2. d4 d5 3. Bd3 c5 4. exd5 exd5 5. Qe2+ Be7 6. dxc5 Nf6 7. Nd2 O-O 8. Nb3 Re8 9. Be3 Nc6 10. Nf3 a5 11. a4 Bg4 12. O-O-O Qc7 13. h3 Bxf3 14. Qxf3 Ne5 15. Qf4 Nxd3+ 16. Rxd3 Qc6 17. Bd4 Ne4 18. Kb1 Qxa4 19. f3 Nxc5 20. Qg4 Ne6 21. Re1 Nxd4 22. Qxd4 Qxd4 23. Rxd4 a4 24. Nc1 Bf6 25. Rxe8+ Rxe8 26. Rxd5 h6 27. Nd3 Re2 28. Nf4 Re1+ 29. Ka2 Bg5 30. Rd4 b5 31. Nd3 Re2 32. g4 Rxc2 33. Rb4 Rd2 34. Ne5 Bf6 35. Rxb5 Kh7 36. Nxf7 a3 37. Kxa3 Rd3+ 38. Rb3 Be7+ 39. Ka2 Rd5 40. f4 Ra5+ 41. Kb1 h5 42. Ne5 Bf6 43. Nf3 h4 44. g5 Be7 45. Nxh4 Ra4 46. Rf3 Bd6 47. g6+ Kh6 48. Nf5+ Kxg6 49. Nxd6 Rd4 50. Rg3+ Kf6 51. Ne8+ Kf7 52. Nxg7 Rxf4 53. Nh5 Rf2 54. Rg4 Ke6 55. Ng3 Rg2 56. Ka2 Rh2 57. h4 Ke5 58. Ka3 Rh3 59. Ka4 Kd5 60. b4 Kc6 61. Ka5 Kb7 62. Kb5 Rh1 63. Rg7+ Kb8 64. h5 1-0


[Site "https://www.chess.com"]

[Event "Titled Tuesday Blitz March 07 Early 2023"]
[White "Weetik, Vjacheslav"]
[Black "Gontcharov, Vladislav"]
[WhiteFideId "4153472"]
[BlackFideId "4123492"]
[WhiteElo "2469"]
[BlackElo "2470"]
[Result "1-0"]
[Round "11"]
[TimeControl "180+2"]
[Date "2023.03.07"]
[WhiteClock "0:00:20"]
[BlackClock "0:00:46"]

1. d4 Nf6 2. Bf4 c5 3. e3 e6 4. c3 Nc6 5. Nd2 d5 6. Bd3 Bd6 7. Bxd6 Qxd6 8. f4 cxd4 9. cxd4 O-O 10. Ngf3 Bd7 11. a3 Rfc8 12. Ne5 Be8 13. O-O Rc7 14. Rf3 Rac8 15. Rh3 g6 16. Qe1 Na5 17. Qh4 Qe7 18. b4 Rc1+ 19. Rxc1 Rxc1+ 20. Nf1 Nc4 21. Ng4 Kg7 22. Qh6+ Kg8 23. Qg5 Kg7 24. Nxf6 Qxf6 25. Rxh7+ Kxh7 26. Qxf6 Nxe3 27. Qe7 Nxf1 28. Qxe8 Nd2+ 29. Kf2 Kg7 30. h4 Nb3 31. h5 gxh5 32. Qe7 Nxd4 33. Qg5+ Kf8 34. f5 exf5 35. Qxc1 1-0


[Site "https://www.chess.com"]

[Event "Titled Tuesday Blitz March 07 Early 2023"]
[White "Janaszak, Dawid"]
[Black "Wagner, Dennis"]
[WhiteFideId "1119206"]
[BlackFideId "24650684"]
[WhiteElo "2220"]
[BlackElo "2470"]
[Result "0-1"]
[Round "11"]
[TimeControl "180+2"]
[Date "2023.03.07"]
[WhiteClock "0:00:03"]
[BlackClock "0:00:14"]

1. e4 c5 2. Nc3 Nc6 3. Bb5 Nd4 4. Nf3 g6 5. O-O Bg7 6. e5 Nxb5 7. Nxb5 a6 8. Nc3 d6 9. exd6 Qxd6 10. Ne4 Qc7 11. d4 cxd4 12. Re1 Bd7 13. Nxd4 O-O-O 14. Be3 Bc6 15. Qg4+ Qd7 16. Qxd7+ Bxd7 17. Nc5 Nf6 18. Rad1 Nd5 19. Nxd7 Rxd7 20. Bg5 h6 21. Bh4 Rhd8 22. c3 g5 23. Bg3 Nb6 24. Rc1 e6 25. h3 Rd5 26. Re2 Nc4 27. Rcc2 b5 28. Nf3 Rd1+ 29. Kh2 Kb7 30. Ne5 Nd2 31. Rexd2 R8xd2 32. Rxd2 Rxd2 33. Nxf7 Rxb2 34. Nd8+ Kb6 35. Nxe6 Bxc3 36. Bc7+ Kc6 37. Bd8 Rxa2 38. Ng7 Rxf2 39. Nh5 Be5+ 40. Kg1 Rd2 41. Kf1 Rxd8 0-1


[Site "https://www.chess.com"]

[Event "Titled Tuesday Blitz March 07 Early 2023"]
[White "Korchmar, Vasiliy"]
[Black "Garakov, Mikhael"]
[WhiteFideId "24131750"]
[BlackFideId "4169034"]
[WhiteElo "2370"]
[BlackElo "2347"]
[Result "1-0"]
[Round "11"]
[TimeControl "180+2"]
[Date "2023.03.07"]
[WhiteClock "0:00:09"]
[BlackClock "0:00:38"]

1. e4 c5 2. Nf3 e6 3. g3 Nc6 4. Bg2 b5 5. O-O Bb7 6. d3 d6 7. Nbd2 Nf6 8. Re1 Be7 9. Nf1 O-O 10. h4 b4 11. Ne3 a5 12. Nc4 Nd7 13. h5 a4 14. h6 g6 15. Bf4 Nb6 16. Qd2 a3 17. b3 Nxc4 18. dxc4 e5 19. Bg5 Nd4 20. Bxe7 Qxe7 21. Nxd4 cxd4 22. Qxb4 f5 23. c3 Rfb8 24. cxd4 Bxe4 25. Qd2 Bxg2 26. Kxg2 e4 27. d5 Rf8 28. Qd4 Rae8 29. f3 exf3+ 30. Kxf3 Qf7 31. Re6 g5 32. Rae1 Qh5+ 33. Kg2 1-0


[Site "https://www.chess.com"]

[Event "Titled Tuesday Blitz March 07 Early 2023"]
[White "Zarnicki, Pablo"]
[Black "Csonka, Balazs"]
[WhiteFideId "100137"]
[BlackFideId "742910"]
[WhiteElo "2468"]
[BlackElo "2404"]
[Result "0-1"]
[Round "11"]
[TimeControl "180+2"]
[Date "2023.03.07"]
[WhiteClock "0:00:08"]
[BlackClock "0:00:04"]

1. e4 e6 2. d3 c5 3. Nf3 Nc6 4. g3 d5 5. Qe2 Nge7 6. Bg2 g6 7. O-O Bg7 8. e5 O-O 9. Re1 b5 10. h4 h6 11. Bf4 b4 12. Nbd2 a5 13. Nf1 Ba6 14. Qd2 Kh7 15. N1h2 Rc8 16. Bh3 c4 17. d4 c3 18. bxc3 bxc3 19. Qc1 Nf5 20. Qd1 Rb8 21. g4 Nxh4 22. Bg3 Nxf3+ 23. Nxf3 Qc7 24. Kg2 Rb2 25. Rh1 Nb4 26. Ne1 Qc4 27. a3 Nc6 28. Nf3 Qe2 29. Qg1 Rxc2 30. g5 h5 31. Bg4 Kg8 32. Re1 hxg4 33. Rxe2 gxf3+ 34. Kxf3 Bxe2+ 35. Ke3 Rb8 36. Qh2 Bh5 37. Qg1 Rbb2 38. Kf4 Nxd4 39. Qe1 Ne2+ 40. Ke3 d4+ 41. Kd3 Rd2+ 42. Kc4 Nxg3 43. fxg3 Be2+ 44. Kc5 d3 45. Rh4 Bf8+ 46. Kc6 Rb8 47. Kc7 Rdb2 48. Qh1 R2b7+ 49. Kc6 Bg7 50. Rd4 c2 51. Qc1 Rb1 52. Kc7 Rc8+ 53. Kxc8 Rxc1 54. Rd8+ Bf8 55. Kb7 Rb1+ 56. Ka6 c1=Q 57. a4 Qc6+ 58. Ka7 Qb7# 0-1


[Site "https://www.chess.com"]

[Event "Titled Tuesday Blitz March 07 Early 2023"]
[White "Preotu, Razvan"]
[Black "Rottenwohrer Suarez, Juan"]
[WhiteFideId "2613280"]
[BlackFideId "32068182"]
[WhiteElo "2407"]
[BlackElo "2174"]
[Result "1-0"]
[Round "11"]
[TimeControl "180+2"]
[Date "2023.03.07"]
[WhiteClock "0:00:24"]
[BlackClock "0:00:01"]

1. e4 c5 2. Nf3 g6 3. d4 cxd4 4. Nxd4 Nc6 5. c4 Nf6 6. Nc3 d6 7. Be2 Nxd4 8. Qxd4 Bg7 9. O-O O-O 10. Qd3 Be6 11. Be3 Nd7 12. b3 Nc5 13. Qd2 Qa5 14. Rac1 Bxc3 15. Qxc3 Qxc3 16. Rxc3 Nxe4 17. Rcc1 a5 18. Bf3 f5 19. Rfe1 Rfc8 20. Bxe4 fxe4 21. Bg5 d5 22. cxd5 Bxd5 23. Bxe7 a4 24. bxa4 Rxc1 25. Rxc1 Rxa4 26. a3 Rc4 27. Rd1 Bc6 28. h4 Rc2 29. Bg5 Ra2 30. Rd8+ Kf7 31. Rc8 Rxa3 32. Rc7+ Ke6 33. Rxh7 b5 34. Rg7 Ra1+ 35. Kh2 b4 36. Rxg6+ Kd5 37. Rg8 b3 38. Rb8 Rb1 39. h5 Ke5 40. h6 Bd5 41. h7 1-0


[Site "https://www.chess.com"]

[Event "Titled Tuesday Blitz March 07 Early 2023"]
[White "Kozak, Antoni"]
[Black "Aarav Dengla"]
[WhiteFideId "21832030"]
[BlackFideId "45059756"]
[WhiteElo "2470"]
[BlackElo "2285"]
[Result "1-0"]
[Round "11"]
[TimeControl "180+2"]
[Date "2023.03.07"]
[WhiteClock "0:00:16"]
[BlackClock "0:00:06"]

1. c4 e6 2. g3 d5 3. Bg2 Nf6 4. Nf3 b6 5. O-O Bb7 6. cxd5 exd5 7. d4 Bd6 8. Nc3 O-O 9. Nb5 Be7 10. Bf4 Na6 11. Rc1 c6 12. Nc3 Nc7 13. Ne5 Ne6 14. Bh3 c5 15. dxc5 bxc5 16. Bg2 Nxf4 17. gxf4 Qb6 18. Na4 Qa5 19. e3 Rfd8 20. b3 Rac8 21. Qc2 c4 22. bxc4 Ba6 23. c5 Bxf1 24. Kxf1 Rc7 25. Bf3 Rdc8 26. Kg2 Bxc5 27. Qb3 Bd6 28. Rd1 Rc4 29. Nxc4 dxc4 30. Qc2 Bf8 31. Nc3 Bb4 32. Ne2 c3 33. Nd4 Bf8 34. Rd3 Qa3 35. Nb5 Qb2 36. Bd1 Rb8 37. Nxc3 Qxc2 38. Bxc2 Rc8 39. Bb3 Rc7 40. Ne2 Rb7 41. Ng3 Rd7 42. Rc3 Nd5 43. Rc8 Nb6 44. Rb8 g6 45. Ne4 Kg7 46. Ng5 Bd6 47. Re8 h6 48. Ne4 Bb4 49. Ng3 h5 50. Re4 h4 51. Rxb4 hxg3 52. hxg3 Rd2 53. Re4 a5 54. Re7 Nd5 55. Bxd5 Rxd5 56. Re5 Rd2 57. Rxa5 f5 58. Ra8 Kf6 59. Kf3 Rc2 60. Ra6+ Kf7 61. Ra3 Rb2 62. Ra7+ Kf6 63. a4 Ra2 64. Ra8 Rb2 65. Ra6+ Kf7 66. Ra7+ Kf6 67. a5 Ra2 68. Ra6+ Kf7 69. Ra8 Kf6 70. a6 Rb2 71. Rc8 Ra2 72. Rc6+ Kf7 73. Rc7+ Kf6 74. Ra7 Ke6 75. Ra8 Kf6 76. Kg2 Kf7 77. Kh3 Ra1 78. a7 Ra2 79. Rh8 Ra6 80. Rh7+ Kg8 81. Rb7 Kf8 82. Rb8+ Kf7 83. a8=Q Rxa8 84. Rxa8 g5 85. fxg5 Kg6 86. f4 Kh5 87. Kg2 Kg4 88. g6 Kh5 89. g7 Kh6 90. g8=Q Kh5 91. g4+ fxg4 92. Ra7 1-0


[Site "https://www.chess.com"]

[Event "Titled Tuesday Blitz March 07 Early 2023"]
[White "Golubev, Mikhail"]
[Black "Tan, Jun Ying"]
[WhiteFideId "14100983"]
[BlackFideId "5710413"]
[WhiteElo "2374"]
[BlackElo "2089"]
[Result "0-1"]
[Round "11"]
[TimeControl "180+2"]
[Date "2023.03.07"]
[WhiteClock "0:00:02"]
[BlackClock "0:00:19"]

1. e4 c5 2. Nf3 Nc6 3. Nc3 d6 4. d4 cxd4 5. Nxd4 Nf6 6. Bc4 e5 7. Nf5 Be6 8. Bb3 Nxe4 9. Bxe6 fxe6 10. Nxg7+ Bxg7 11. Nxe4 d5 12. Qh5+ Kf8 13. Bg5 Qe8 14. Qf3+ Qf7 15. Nf6 e4 16. Qa3+ Ne7 17. Nd7+ Ke8 18. Bxe7 Qxe7 19. Nc5 b6 20. Qa4+ Kf7 21. Nxe4 dxe4 22. Qxe4 Bxb2 23. Qf3+ Qf6 24. Qb7+ Kg6 25. Rd1 Bc3+ 26. Kf1 Rad8 27. Rd3 Rxd3 28. cxd3 Rf8 29. Qe4+ Qf5 30. Qe3 e5 31. Ke2 Bd4 32. Qg3+ Qg5 33. Qxg5+ Kxg5 34. h4+ Kh6 35. f3 Rc8 36. g3 Rc2+ 37. Kd1 Rxa2 38. Rh3 Rf2 0-1


[Site "https://www.chess.com"]

[Event "Titled Tuesday Blitz March 07 Early 2023"]
[White "Prokofiev, Valentyn"]
[Black "Ansh M Shah"]
[WhiteFideId "14160161"]
[BlackFideId "25033379"]
[WhiteElo "2260"]
[BlackElo "2084"]
[Result "0-1"]
[Round "11"]
[TimeControl "180+2"]
[Date "2023.03.07"]
[WhiteClock "0:00:02"]
[BlackClock "0:00:11"]

1. e4 c6 2. d4 d5 3. Nc3 dxe4 4. Nxe4 Bf5 5. Ng3 Bg6 6. Nh3 Nf6 7. Nf4 e5 8. dxe5 Qa5+ 9. c3 Qxe5+ 10. Be2 Nbd7 11. O-O Bc5 12. Bf3 O-O 13. Nxg6 hxg6 14. Re1 Qc7 15. Qa4 Qb6 16. Qc2 Rfe8 17. Bf4 a5 18. Rad1 Nf8 19. Be5 Re6 20. Bxf6 gxf6 21. Rxe6 Nxe6 22. Ne4 f5 23. Nf6+ Kg7 24. Nd7 Qc7 25. Nxc5 Nxc5 26. b4 Ne6 27. g3 Rd8 28. Rb1 axb4 29. Rxb4 Rd7 30. Qb1 b5 31. h4 Rd2 32. h5 Ng5 33. Bg2 Qe5 34. hxg6 fxg6 35. Qc1 Qe2 36. Kh2 Qxf2 37. Qh1 Ne4 38. Rxe4 fxe4 39. Kh3 Qf5+ 40. Kh2 Qh5+ 41. Kg1 Rd1+ 42. Bf1 Rxf1+ 43. Kg2 Qxh1# 0-1


[Site "https://www.chess.com"]

[Event "Titled Tuesday Blitz March 07 Early 2023"]
[White "Vaglio Munoz, Jaime"]
[Black "Czopor, Maciej"]
[WhiteFideId "6500145"]
[BlackFideId "21805431"]
[WhiteElo "2199"]
[BlackElo "2324"]
[Result "1-0"]
[Round "11"]
[TimeControl "180+2"]
[Date "2023.03.07"]
[WhiteClock "0:00:05"]
[BlackClock "0:00:26"]

1. Nf3 g6 2. e4 Bg7 3. d4 h5 4. Bd3 d6 5. O-O Nd7 6. Re1 Ngf6 7. e5 Ng4 8. h3 Nh6 9. e6 Nf8 10. exf7+ Nxf7 11. Nc3 c6 12. Ne4 Bf5 13. Neg5 Qd7 14. Bc4 d5 15. Bf1 Nxg5 16. Nxg5 Ne6 17. c3 O-O 18. Nxe6 Bxe6 19. Qe2 Bf5 20. Qxe7 Rae8 21. Qxd7 Bxd7 22. Bg5 Bf5 23. b4 b6 24. Ba6 c5 25. bxc5 bxc5 26. Be7 Rxe7 27. Rxe7 cxd4 28. cxd4 Bxd4 29. Rf1 Bb6 30. Bb5 Rd8 31. Rd1 Kf8 32. Rh7 Kg8 33. Rb7 d4 34. Bc4+ Kh8 35. a4 Bc2 36. Re1 d3 37. Ree7 1-0


[Site "https://www.chess.com"]

[Event "Titled Tuesday Blitz March 07 Early 2023"]
[White "Fiorito, Joaquin"]
[Black "Fathy, Elameir"]
[WhiteFideId "180173"]
[BlackFideId "10600396"]
[WhiteElo "2157"]
[BlackElo "2311"]
[Result "1-0"]
[Round "11"]
[TimeControl "180+2"]
[Date "2023.03.07"]
[WhiteClock "0:01:46"]
[BlackClock "0:00:03"]

1. d4 d5 2. Nc3 Nf6 3. Bf4 e6 4. Nb5 Na6 5. e3 c6 6. Nc3 Nb8 7. Nf3 Be7 8. Ne5 Nbd7 9. Bd3 Nxe5 10. dxe5 Nd7 11. h4 Nc5 12. h5 h6 13. Qg4 Nxd3+ 14. cxd3 Bg5 15. O-O-O b5 16. Kb1 O-O 17. Ne2 f6 18. Nd4 fxe5 19. Nxc6 Qf6 20. Nxe5 Bxf4 21. exf4 Qxf4 22. Qxf4 Rxf4 23. f3 a5 24. Rc1 b4 25. Rc7 Ba6 26. g4 Bb5 27. Rhc1 Rd4 28. Kc2 a4 29. Kd2 Rf4 30. Rb7 a3 31. Rxb5 axb2 32. Rb1 Rxa2 33. Rb8+ Rf8 34. Rxb4 1-0


[Site "https://www.chess.com"]

[Event "Titled Tuesday Blitz March 07 Early 2023"]
[White "Gabdrakhmanov, Azat"]
[Black "Afanasieva, Alexandra"]
[WhiteFideId "34189197"]
[BlackFideId "34126926"]
[WhiteElo "2266"]
[BlackElo "1763"]
[Result "1-0"]
[Round "11"]
[TimeControl "180+2"]
[Date "2023.03.07"]
[WhiteClock "0:00:07"]
[BlackClock "0:00:07"]

1. e4 c5 2. Nf3 e6 3. d4 cxd4 4. Nxd4 Nf6 5. Nc3 Nc6 6. Ndb5 Bc5 7. Nd6+ Ke7 8. Bf4 e5 9. Nf5+ Kf8 10. Bg5 d6 11. Bc4 Be6 12. Bxe6 fxe6 13. Ne3 h6 14. Bh4 Qb6 15. Nc4 Qb4 16. Qd3 b5 17. Nd2 Nd4 18. O-O-O Rc8 19. Bxf6 gxf6 20. a3 Qa5 21. Nb3 Nxb3+ 22. cxb3 Bxa3 23. Kb1 Bc5 24. Nxb5 Rc6 25. Rc1 Kf7 26. Rxc5 Rxc5 27. Nxd6+ Ke7 28. Nb7 Qc7 29. Nxc5 Qxc5 30. Rd1 Rc8 31. Qd7+ Kf8 32. Qd3 Ke7 33. Qd2 Qd4 34. Qxd4 exd4 35. Rxd4 Rb8 36. Kc2 Rg8 37. g3 h5 38. Ra4 h4 39. Rxa7+ Kd6 40. Ra5 hxg3 41. hxg3 Rh8 42. Kd3 Rh1 43. Ra6+ Ke7 44. Ke3 Re1+ 45. Kf3 Rb1 46. Ra2 Rd1 47. Ke3 Re1+ 48. Kd2 Rf1 49. Ke2 Rc1 50. b4 Rc4 51. b3 Rxe4+ 52. Kd3 Rxb4 53. Kc3 Rb7 54. Rd2 e5 55. b4 Rc7+ 56. Kb3 Rc1 57. b5 f5 58. b6 Rb1+ 59. Rb2 Rd1 60. b7 Rd8 61. Kc4 Rb8 62. Kd5 e4 63. Kc6 1-0


[Site "https://www.chess.com"]

[Event "Titled Tuesday Blitz March 07 Early 2023"]
[White "polandchessplayer"]
[Black "Kislov, Oleg"]
[BlackFideId "13503774"]
[WhiteElo "2751"]
[BlackElo "2186"]
[Result "0-1"]
[Round "11"]
[TimeControl "180+2"]
[Date "2023.03.07"]
[WhiteClock "0:00:06"]
[BlackClock "0:00:03"]

1. d4 d5 2. Nf3 Nf6 3. g3 e6 4. Bg2 Be7 5. O-O O-O 6. c4 c6 7. b3 b6 8. Bb2 Bb7 9. Nbd2 Nbd7 10. Re1 Rc8 11. Rc1 c5 12. e3 dxc4 13. Nxc4 cxd4 14. Bxd4 Nc5 15. Bxc5 Bxc5 16. Nfe5 Bxg2 17. Kxg2 Qxd1 18. Rexd1 Rfd8 19. a4 Kf8 20. h3 Rxd1 21. Rxd1 Ke7 22. g4 Rc7 23. Kf3 Nd5 24. Nd3 f6 25. Nxc5 Rxc5 26. e4 Nc3 27. Rc1 Na2 28. Ra1 Nb4 29. Ke2 Nc2 30. Rd1 e5 31. Rd3 Nd4+ 32. Kd1 Nxb3 33. Ne3 Rc1+ 34. Ke2 Nd4+ 35. Kd2 Ra1 36. Nd5+ Kd6 37. Nc3 Kc5 38. f4 Kc4 39. fxe5 fxe5 40. Re3 Rh1 41. Nd5 Rh2+ 42. Kd1 Rh1+ 43. Kd2 Nb3+ 44. Kc2 Rh2+ 45. Kd1 Nc5 46. a5 bxa5 47. Ra3 a4 48. Kc1 a5 49. Kd1 Kd4 50. Nb6 Kxe4 51. Ke1 Nd3+ 52. Kf1 Rxh3 53. Nxa4 Ke3 54. Kg2 Rh6 55. Nb2 e4 56. Nc4+ Kd4 57. Nxa5 Rg6 58. Nb3+ Ke3 59. Kg3 h5 0-1


[Site "https://www.chess.com"]

[Event "Titled Tuesday Blitz March 07 Early 2023"]
[White "Zahid, Sanatan"]
[Black "Reprintsev, Alexander"]
[WhiteFideId "10201963"]
[BlackFideId "14100541"]
[WhiteElo "1865"]
[BlackElo "2229"]
[Result "0-1"]
[Round "11"]
[TimeControl "180+2"]
[Date "2023.03.07"]
[WhiteClock "0:01:45"]
[BlackClock "0:01:17"]

1. e4 e5 2. Nf3 Nc6 3. Bc4 Nf6 4. Ng5 d5 5. exd5 Na5 6. Bb5+ Bd7 7. Bxd7+ Qxd7 8. Nc3 Nxd5 9. O-O Nxc3 10. dxc3 Qxd1 11. Rxd1 Be7 12. Nf3 Nc6 13. b4 a6 14. a3 Rd8 15. Be3 f5 16. g3 h6 17. c4 e4 18. Nd4 Nxd4 19. Rxd4 Bf6 20. Rxd8+ Kxd8 21. Rd1+ Kc8 22. Rd5 g6 23. Kf1 h5 24. h4 Rd8 25. Ke2 c6 26. Rxd8+ Kxd8 27. a4 Kd7 28. b5 Ke6 29. bxa6 bxa6 30. Bf4 Bd4 31. f3 Be5 32. Ke3 exf3 33. Kxf3 Bxf4 34. Kxf4 Kf6 35. a5 c5 36. Kf3 g5 37. hxg5+ Kxg5 38. c3 f4 39. gxf4+ Kf5 40. Ke3 h4 41. Kf3 h3 42. Kg3 h2 43. Kxh2 Kxf4 44. Kg2 Ke3 45. Kf1 Kd3 46. Kf2 Kxc3 47. Ke3 Kxc4 48. Ke4 Kb3 49. Kd5 c4 50. Kc5 c3 0-1


[Site "https://www.chess.com"]

[Event "Titled Tuesday Blitz March 07 Early 2023"]
[White "Fernandez Garcia, Gumersindo"]
[Black "Rozman, Levy"]
[WhiteFideId "24516740"]
[BlackFideId "2039877"]
[WhiteElo "2093"]
[BlackElo "2376"]
[Result "1-0"]
[Round "11"]
[TimeControl "180+2"]
[Date "2023.03.07"]
[WhiteClock "0:00:51"]
[BlackClock "0:00:01"]

1. d4 e6 2. c4 b6 3. Nf3 Bb7 4. g3 Bb4+ 5. Bd2 Bxd2+ 6. Nbxd2 f5 7. Bg2 Nf6 8. O-O O-O 9. Qc2 d6 10. b4 a5 11. a3 Nbd7 12. Nb3 Be4 13. Qc3 a4 14. Nbd2 Qe7 15. Nxe4 Nxe4 16. Qc2 c5 17. Nd2 d5 18. Nxe4 dxe4 19. dxc5 bxc5 20. b5 Qf6 21. Rad1 Nb6 22. Rd6 Rab8 23. Rfd1 Rfd8 24. f3 e3 25. R6d3 f4 26. Bh3 Rd4 27. Rxd4 cxd4 28. c5 Nd5 29. b6 Nc3 30. Re1 fxg3 31. hxg3 Qe5 32. Kg2 Qxc5 33. Bxe6+ Kf8 34. Qxh7 Qe5 35. Qg8+ Ke7 36. Qf7+ Kd6 37. Qd7+ Kc5 38. Qc7+ Qxc7 39. bxc7 Re8 40. c8=Q+ Rxc8 41. Bxc8 Kc4 42. Be6+ Kc5 43. f4 Kd6 44. Bc4 Kc5 45. Bd3 Kd5 46. g4 Kc5 47. g5 Kd6 48. Rh1 1-0


[Site "https://www.chess.com"]

[Event "Titled Tuesday Blitz March 07 Early 2023"]
[White "Hirneise, Jens"]
[Black "Karthik Rajaa"]
[WhiteFideId "24614734"]
[BlackFideId "25035215"]
[WhiteElo "2345"]
[BlackElo "2215"]
[Result "1-0"]
[Round "11"]
[TimeControl "180+2"]
[Date "2023.03.07"]
[WhiteClock "0:00:15"]
[BlackClock "0:00:11"]

1. d4 Nf6 2. c4 g6 3. Nc3 Bg7 4. Bf4 O-O 5. Qd2 d6 6. Bh6 e5 7. Bxg7 Kxg7 8. d5 a5 9. e3 Na6 10. Bd3 Nc5 11. Bc2 c6 12. dxc6 bxc6 13. O-O-O Nb7 14. Nf3 Be6 15. c5 Nxc5 16. Qxd6 Qxd6 17. Rxd6 Ng4 18. Rf1 Bc4 19. Rg1 Rac8 20. h3 Nxf2 21. Nxe5 Be6 22. Rf1 Nxh3 23. gxh3 Bxh3 24. Rh1 Bg2 25. Rg1 Bh3 26. Rxc6 Rxc6 27. Nxc6 Re8 28. e4 Ne6 29. Nxa5 Nd4 30. Bd3 Ra8 31. b4 Rb8 32. a3 Be6 33. Kb2 Nf3 34. Rg3 Ne5 35. Bf1 h5 36. Nd5 h4 37. Rc3 Rh8 38. Nf4 Bg4 39. b5 g5 40. Nh3 Rb8 41. Nxg5 Bd7 42. a4 Kf6 43. Nf3 Ra8 44. Nxe5 Kxe5 45. Nc4+ Kxe4 46. Nb6 Rd8 47. Rd3 h3 48. Rxd7 Rxd7 49. Nxd7 h2 50. Bg2+ Ke3 51. b6 f5 52. b7 f4 53. b8=Q f3 54. Qb6+ 1-0


[Site "https://www.chess.com"]

[Event "Titled Tuesday Blitz March 07 Early 2023"]
[White "Starozhilov, Leonid"]
[Black "Yosha_Iglesias"]
[WhiteFideId "14106752"]
[WhiteElo "2402"]
[BlackElo "2498"]
[Result "0-1"]
[Round "11"]
[TimeControl "180+2"]
[Date "2023.03.07"]
[WhiteClock "0:00:45"]
[BlackClock "0:00:54"]

1. e4 d6 2. d4 Nf6 3. Nc3 Nbd7 4. f4 e5 5. Nf3 exd4 6. Qxd4 c6 7. h3 d5 8. e5 Bc5 9. Qd3 Nh5 10. Bd2 Ng3 11. Rh2 Nb6 12. Nd4 Nxf1 13. Kxf1 Nc4 14. b3 Nxd2+ 15. Qxd2 O-O 16. g4 f6 17. e6 Bxd4 18. Qxd4 Bxe6 19. Re1 Re8 20. Rhe2 Bf7 21. Rxe8+ Bxe8 22. Qb4 b6 23. Qe7 d4 24. Ne4 Qxe7 0-1


[Site "https://www.chess.com"]

[Event "Titled Tuesday Blitz March 07 Early 2023"]
[White "Fiedorek, Michal"]
[Black "Manelyuk, Daniil"]
[WhiteFideId "1199528"]
[BlackFideId "44173920"]
[WhiteElo "2135"]
[BlackElo "2259"]
[Result "0-1"]
[Round "11"]
[TimeControl "180+2"]
[Date "2023.03.07"]
[WhiteClock "0:00:01"]
[BlackClock "0:00:32"]

1. e4 e6 2. d4 d5 3. Nd2 Be7 4. Ngf3 Nf6 5. e5 Nfd7 6. Bd3 c5 7. O-O Nc6 8. Re1 c4 9. Bf1 g5 10. h3 h5 11. Nh2 b5 12. c3 a5 13. b3 Ba6 14. bxc4 bxc4 15. Rb1 Qc7 16. Qf3 Nb6 17. Qg3 Kd7 18. Ndf3 Rag8 19. Bxg5 h4 20. Qf4 Rh5 21. Bxe7 Nxe7 22. Ng4 Rf5 23. Qe3 Kc6 24. Nh6 Rg6 25. Nxh4 Rfg5 26. Nxg6 Rxg6 27. Be2 Na4 28. Bh5 Rxh6 29. Qxh6 Nxc3 30. Rbc1 Nf5 31. Qf4 Nxa2 32. Ra1 Nb4 33. Qd2 Kb5 34. Bg4 c3 35. Qe2+ Kb6 36. Qd1 c2 37. Qd2 Ne7 38. Be2 Bxe2 39. Qxe2 Qc3 40. Rec1 Nec6 41. Qe3 Qxd4 42. Qb3 Nxe5 43. Qa4 Nc4 44. Rxc2 Nxc2 45. Rb1+ Nb4 46. Rxb4+ axb4 47. Qxb4+ Kc6 48. Qa4+ Kd6 49. Qb4+ Ke5 50. Qe1+ Qe4 51. Qc3+ Qd4 52. Qg3+ Kf6 53. Qf3+ Ke7 54. Qe2 Qe4 55. Qa2 Qe1+ 56. Kh2 Nd2 57. Qa7+ Kf6 58. Qd4+ Qe5+ 0-1


[Site "https://www.chess.com"]